 Dungeon Crawl Stone Soup version 0.28.0-1-gb440e238dd (console) character file.

Game seed: 3062822794387805291

35 Kloppie the Chopper (level 3, -3/51 HPs)
             Began as a Minotaur Berserker on Feb 23, 2022.
             Was a Follower of Trog.
             Slain by an iguana (8 damage)
             ... on level 2 of the Dungeon.
             The game lasted 00:01:19 (1326 turns).

Kloppie the Chopper (Minotaur Berserker)            Turns: 1326, Time: 00:01:20

Health: -3/51      AC:  2    Str: 23    XL:     3   Next: 16%
Magic:  2/2        EV: 12    Int:  4    God:    Trog [*.....]
Gold:   43         SH:  0    Dex:  9    Spells: 2/2 levels left

rFire   . . .      SeeInvis .   a - +0 hand axe
rCold   . . .      Faith    .   (no shield)
rNeg    . . .      Spirit   .   b - +0 animal skin
rPois   .          Reflect  .   (helmet restricted)
rElec   .          Harm     .   (no cloak)
rCorr   .          Rampage  .   (no gloves)
Will    .....                   (no boots)
Stlth   ..........              (no amulet)
HPRegen 0.17/turn               (no ring)
MPRegen 0.08/turn               (no ring)

@: berserking, very quick
A: horns 2, retaliatory headbutt
a: Renounce Religion, Berserk


You were on level 2 of the Dungeon.
You worshipped Trog.
Trog was aware of your devotion.
You visited 1 branch of the dungeon, and saw 2 of its levels.

You collected 43 gold pieces.

Inventory:

Hand Weapons
 a - a +0 hand axe (weapon)
Armour
 b - a +0 animal skin (worn)
Jewellery
 h - a ring of see invisible
Scrolls
 c - a scroll of torment {unknown}
 e - a scroll of enchant armour {unknown}
 f - 2 scrolls of identify {unknown}
Potions
 d - a potion of degeneration {unknown}
 g - a potion of lignification {unknown}
 i - a potion of haste {unknown}


   Skills:
 + Level 4.5 Fighting
 + Level 4.5 Axes
 - Level 2.4 Armour
 - Level 2.1 Dodging


You had 2 spell levels left.
You didn't know any spells.
Your spell library was empty.

Dungeon Overview and Level Annotations

Branches:
Dungeon (2/15)

Altars:


Innate Abilities, Weirdness & Mutations

You have a pair of horns on your head.
You reflexively headbutt those who attack you in melee.


Message History

You hit the iguana.
The iguana is lightly wounded.
You closely miss the rat.
The iguana hisses menacingly.
The iguana bites you. The rat barely misses you.
You barely miss the iguana. Your headbutt misses the iguana.
The iguana is lightly wounded.
You barely miss the rat. The iguana bites you!
* * * LOW HITPOINT WARNING * * *
The rat bites you but does no damage.
You are too injured to fight recklessly!
You are too injured to fight recklessly!
You are too injured to fight recklessly!
You are too injured to fight recklessly!
You are too injured to fight recklessly!
You are too injured to fight recklessly!
A red film seems to cover your vision as you go berserk!
You feel yourself moving faster!
You feel mighty!
You can no longer call upon Trog for regeneration and willpower.
The rat bites you but does no damage.
You barely miss the rat. You headbutt the rat.
You kill the rat!
Trog accepts your kill.
You slash the iguana!
The iguana is severely wounded.
The iguana bites you.
* * * LOW HITPOINT WARNING * * *
You closely miss the iguana. Your headbutt misses the iguana.
The iguana is severely wounded.
The iguana closely misses you.
You hit the iguana.
The iguana is almost dead.
You barely miss the iguana. Your headbutt misses the iguana.
The iguana is almost dead.
The iguana bites you!
* * * LOW HITPOINT WARNING * * *
You closely miss the iguana. Your headbutt misses the iguana.
The iguana is almost dead.
The iguana bites you!
You die...

####### #.....#
#.....# #.....#
#.....# #.....#####
#.........# #.....#
#.....# ###l### #@#
######## #.# #......#
#.# ###.♣..♣.#
#.###.)..♣♣..#
#..##.†..♣♣..#
##....#.♣..♣.#
###.##....^.#
#.######### #..##
##..# .#.
#############.##.....


You could see an iguana.

Vanquished Creatures
  3 dart slugs (D:1)
  3 ball pythons
  2 goblins
  3 hobgoblins
  6 kobolds (D:1)
  3 quokkas
  4 frilled lizards (D:1)
  3 rats
27 creatures vanquished.

Notes
Turn   | Place    | Note
-------+----------+-------------------------------------------
     0 | D:1      | Kloppie the Minotaur Berserker began the quest for the Orb.
     0 | D:1      | Reached XP level 1. HP: 19/19 MP: 0/0
   120 | D:1      | Reached XP level 2. HP: 15/27 MP: 1/1
  1208 | D:2      | Reached XP level 3. HP: 34/34 MP: 2/2
  1270 | D:2      | Reached ** piety under Trog
  1326 | D:2      | Slain by an iguana

Illustrated notes

Levels and vault maps discovered:
D:1:      scummos_arrival_hexagon, layout_basic, serial_corexii_hall,
          corexii_hall_statues_deadend, chequers_hall_statues_wall_a,
          chequers_hall_statues_wall_a
D:2:      layout_rooms, kennysheep_generic_room_15

Skill      XL: |  1 |
---------------+----+-----
Fighting       | 4 |  4.5
Axes           | 4 |  4.5
Armour         | |  2.4
Dodging        | |  2.1

Action                   || total
-------------------------++-------
Melee: Hand axe          ||    54
       Headbutt          ||     3
       Punch             ||     1
Invok: Berserk           ||     1
 Stab: Sleeping          ||     1
Armor: Animal skin       ||     9
Dodge: Dodged            ||    33
